 Dungeon Crawl Stone Soup version 0.23.2-11-gf996548c65 (webtiles) character file.

Game seed: 4793864562355411507

32705 steinardarri the Grappler (level 13, 0/139 HPs)
             Began as a Troll Monk on June 4, 2019.
             Slain by an 11-headed hydra (8 damage)
             ... on level 5 of the Lair of Beasts.
             The game lasted 02:05:48 (18238 turns).

steinardarri the Grappler (Troll Monk)             Turns: 18238, Time: 02:05:49

Health: 0/139      AC: 10    Str: 22    XL:     13   Next: 32%
Magic:  12/12      EV: 15    Int:  8    God:
Gold:   1590       SH: 12    Dex: 16    Spells: 11/12 levels left

rFire    . . .     SeeInvis .     - Unarmed
rCold    . . .     Gourm    +   g - +1 shield
rNeg     . . .     Faith    .   S - +2 robe {MR+}
rPois    +         Spirit   .   f - +2 hat {MR+}
rElec    .         Reflect  .   (no cloak)
rCorr    .         Harm     .   (gloves unavailable)
MR       +++..                  (boots unavailable)
Stlth    ++........             X - amulet of Vitality {Regen+ HP+15}
HPRegen  1.13/turn              O - ring "Picue" {rPois Int+2}
MPRegen  0.13/turn              t - ring of protection from magic

@: no status effects
A: large, unfitting armour, claws 3, fast metabolism 3, gourmand, regeneration
1, shaggy fur 1, tough skin 3
a: no special abilities


You were on level 5 of the Lair of Beasts.
You were very full.

You visited 3 branches of the dungeon, and saw 19 of its levels.

You collected 1590 gold pieces.

Inventory:

Missiles
 p - 4 large rocks (quivered)
 x - 3 throwing nets
 y - 6 tomahawks
 G - 4 tomahawks of returning
 I - 7 javelins
Armour
 f - a +2 hat of magic resistance (worn)
 g - a +1 shield (worn)
 S - a +2 robe of magic resistance (worn)
Jewellery
 c - an uncursed ring of flight
 m - an uncursed ring of resist corrosion
 s - an uncursed ring of see invisible
 t - a ring of protection from magic (right claw)
 u - an uncursed ring of positive energy
 O - the ring "Picue" (left claw) {rPois Int+2}
   (You found it on level 9 of the Dungeon)

   [ring of poison resistance]

   It affects your intelligence (+2).
   It protects you from poison.
 X - the amulet of Vitality (around neck) {Regen+ HP+15}
   (You found it on level 13 of the Dungeon)

   [amulet of regeneration]

   It affects your health (+15).
   It increases your rate of regeneration.
Wands
 a - a wand of enslavement (27)
 z - a wand of random effects (20)
 C - a wand of iceblast (11)
 D - a wand of digging (6)
 P - a wand of paralysis (25)
 T - a wand of polymorph (11)
Scrolls
 d - a scroll of immolation {unknown}
 e - 4 scrolls of fear {unknown}
 i - 4 scrolls of magic mapping
 j - 6 scrolls of remove curse
 k - 5 scrolls of enchant weapon
 l - 4 scrolls of amnesia {unknown}
 n - 2 scrolls of enchant armour
 o - 4 scrolls of teleportation
 q - 2 scrolls of brand weapon {unknown}
 E - 2 scrolls of acquirement {unknown}
 H - 4 scrolls of identify
 J - 3 scrolls of random uselessness {unknown}
 R - a scroll of blinking {unknown}
 U - a scroll of silence {unknown}
Potions
 h - a potion of lignification
 r - 5 potions of might
 v - 3 potions of flight
 B - a potion of brilliance {unknown}
 F - 2 potions of cancellation
 K - 4 potions of curing
 M - a potion of magic
 N - 2 potions of ambrosia
 V - 2 potions of mutation {unknown}
Comestibles
 b - 20 rations
 A - 6 chunks of flesh


   Skills:
 + Level 7.5 Fighting
 + Level 7.0 Throwing
 + Level 8.6 Dodging
 - Level 3.0 Stealth
 - Level 9.0 Shields
 * Level 12.1 Unarmed Combat
 - Level 5.0 Necromancy


You had 11 spell levels left.
You knew the following spells:

 Your Spells              Type           Power        Failure   Level  Hunger
a - Animate Skeleton      Necr           N/A          5%          1    ##.....

Your spell library contained the following spells:

 Spells                   Type           Power        Failure   Level  Hunger
 Apportation              Tloc           #.....       41%         1    ##.....
 Confusing Touch          Hex            #.....       41%         1    ##.....
 Sting                    Conj/Pois      #...         41%         1    ##.....
 Summon Small Mammal      Summ           #...         41%         1    ##.....
 Poisonous Vapours        Pois/Air       #.....       54%         2    ###....
 Confuse                  Hex            #.......     78%         3    ####...
 Gell's Gravitas          Tloc           #.........   78%         3    ####...
 Mephitic Cloud           Conj/Pois/Air  #.......     78%         3    ####...
 Olgreb's Toxic Radiance  Pois           #.......     99%         4    #####..
 Petrify                  Tmut/Erth      #.......     99%         4    #####..
 Metabolic Englaciation   Hex/Ice        #.........   100%        5    ######.
 Venom Bolt               Conj/Pois      #.........   100%        5    ######.
 Yara's Violent Unravell  Hex/Tmut       #.........   100%        5    ######.


Dungeon Overview and Level Annotations

Branches:
Dungeon (14/15)            Temple (1/1) D:4            Lair (3/6) D:8
 Shoals (0/4) Lair:2       Spider (0/4) Lair:3          Orc (0/2) D:9
 Vaults (0/5) D:14

Altars:
Ashenzari
Cheibriados
Dithmenos
Elyvilon
Fedhas
Gozag
Hepliaklqana
Kikubaaqudgha
Makhleb
Nemelex Xobeh
Okawaru
Qazlal
Ru
Sif Muna
Trog
Uskayaw
Vehumet
Wu Jian
Xom
Yredelemnul
Zin
The Shining One

Shops:
D:12 :

Annotations:
D:11 red ugly thing !
D:12 2 transporters
D:13 1 transporter
Lair:1 exclusion: hydra
Lair:2 exclusion: 2 oklob plants


Innate Abilities, Weirdness & Mutations

You are too large for most types of armour.
You have claws for hands.
Your metabolism is lightning-fast.
You like to eat raw meat.
Your natural rate of healing is unusually fast.
You are covered in fur. (AC +1)
You have extremely tough skin. (AC +3)


Message History

You feel much better. The 11-headed hydra bites you!!
The 11-headed hydra bites you but does no damage.
You block the 11-headed hydra's attack. The 11-headed hydra bites you.
The 11-headed hydra misses you. The 11-headed hydra bites you.
The 11-headed hydra bites you!
* * * LOW HITPOINT WARNING * * *
You block the 11-headed hydra's attack. The 11-headed hydra closely misses you.
The 11-headed hydra bites you!
* * * LOW HITPOINT WARNING * * *
The 11-headed hydra barely misses you.
Okay, then.
You scratch the 11-headed hydra.
The 11-headed hydra is almost dead.
The 11-headed hydra bites you!
* * * LOW HITPOINT WARNING * * *
You block the 11-headed hydra's attack. The 11-headed hydra closely misses you.
You block the 11-headed hydra's attack. The 11-headed hydra bites you.
* * * LOW HITPOINT WARNING * * *
The 11-headed hydra bites you!
You die...

... .. .#.......#. . ..
.#..#.......# ......
#...#......#[#
P......##..##.........
...........##........
.......#...#...>...##..
....................#.#
.........@+#.........#..
.........#DY............
..........YY............
........................
........................
........................
.....................#.
......##.##.##......##
#.....#.######......#


You could see a 11-headed hydra and 3 yaks.

Vanquished Creatures
  Kirke (D:12)
  A centaur warrior (D:13)
  2 two-headed ogres
  The ghost of Valentain the Destroyer, a novice DrCj of Qazlal (Lair:1)
  A tengu warrior (D:12)
  An unseen horror (D:9)
  A cyclops (D:12)
  Psyche (D:7)
  A centaur zombie (D:13)
  Joseph (D:9)
  5 spiny frogs
  3 gargoyles
  7 rime drakes (Lair:2)
  A komodo dragon (D:12)
  A kobold demonologist (D:12)
  An efreet (D:13)
  A freezing wraith (D:12)
  A merfolk (D:11)
  A jumping spider (Lair:3)
  5 trolls
  3 hippogriffs
  Grinder (D:3)
  5 slime creatures (D:12)
  A spriggan (D:11)
  A vampire (D:12)
  A wyvern (D:12)
  7 redbacks (Lair:3)
  3 wraiths
  A shadow (D:12)
  26 yaks
  5 hungry ghosts
  2 hogs (D:12)
  A basilisk (Lair:2)
  12 steam dragons
  A warg (D:9)
  Edmund (D:6)
  An acid dragon (Lair:2)
  5 water moccasins
  5 porcupines
  2 black bears
  8 orc warriors
  2 sky beasts
  4 ice beasts
  A necrophage (D:12)
  A phantom (D:5)
  5 wolves (Lair:3)
  5 centaurs
  An eye of draining (D:10)
  8 ogres
  5 crocodiles
  A big kobold (D:12)
  8 bullfrogs
  3 wyvern zombies
  A wyvern skeleton (D:11)
  4 scorpions
  A water moccasin zombie (D:8)
  20 killer bees
  3 wights (D:9)
  A vampire bat (D:5)
  An electric eel (Lair:2)
  4 crimson imps
  3 jellies
  A quasit (D:7)
  16 orc priests
  2 centaur skeletons
  6 hounds
  A bullfrog skeleton (D:11)
  Natasha (thrice) (D:3)
  2 iguanas
  13 orc wizards
  13 worker ants
  A hound zombie (D:7)
  2 hound skeletons
  A howler monkey zombie (D:5)
  Robin (D:2)
  12 gnolls
  12 adders
  2 howler monkey skeletons
  2 shadow imps (D:7)
  3 oozes
  A worm (D:2)
  2 adder skeletons
  6 leopard geckos
  50 orcs
  2 ball pythons
  4 giant cockroaches
  13 goblins
  11 hobgoblins
  17 jackals
  10 kobolds
  5 quokkas
  13 bats
  7 frilled lizards
  2 leopard gecko zombies (D:7)
  7 rats
454 creatures vanquished.

Vanquished Creatures (collateral kills)
  A komodo dragon (Lair:2)
  2 rime drakes (Lair:2)
  3 yaks (Lair:1)
  A crocodile (Lair:1)
  A fungus (Lair:2)
8 creatures vanquished.

Vanquished Creatures (others)
  5 humans (D:13)
  An orc priest (D:13)
  A shadow imp (D:13)
  An orc (D:11)
  2 fungi (Lair:2)
  A plant (Lair:2)
11 creatures vanquished.

Grand Total: 473 creatures vanquished

Notes
Turn   | Place    | Note
-------+----------+-------------------------------------------
     0 | D:1      | steinardarri the Troll Monk began the quest for the Orb.
     0 | D:1      | Reached XP level 1. HP: 22/22 MP: 0/0
   667 | D:2      | Reached XP level 2. HP: 25/29 MP: 1/1
   922 | D:2      | Found a faded altar of an unknown god.
   958 | D:2      | Reached XP level 3. HP: 36/36 MP: 2/2
  1232 | D:3      | Noticed Robin
  1236 | D:2      | Reached skill level 4 in Unarmed Combat
  1236 | D:2      | Reached XP level 4. HP: 38/45 MP: 3/3
  1324 | D:3      | Reached XP level 5. HP: 53/53 MP: 4/4
  1377 | D:3      | Noticed Grinder
  1540 | D:3      | Noticed Natasha
  1547 | D:3      | Killed Natasha
  1554 | D:3      | Reached skill level 5 in Unarmed Combat
  1560 | D:3      | Noticed Natasha
  1570 | D:3      | Killed Natasha
  1688 | D:2      | Reached XP level 6. HP: 61/61 MP: 5/5
  1740 | D:2      | Killed Robin
  1970 | D:3      | Noticed Natasha
  1978 | D:3      | Killed Natasha
  2711 | D:3      | Reached skill level 1 in Shields
  2762 | D:3      | Reached XP level 7. HP: 63/68 MP: 6/6
  3005 | D:4      | Found a staircase to the Ecumenical Temple.
  3080 | Temple   | Entered the Ecumenical Temple
  3398 | D:5      | Entered Level 5 of the Dungeon
  3738 | D:5      | Reached skill level 5 in Shields
  3738 | D:5      | Reached XP level 8. HP: 78/78 MP: 7/7
  4813 | D:6      | Noticed Edmund
  5005 | D:6      | Noticed a gargoyle
  5138 | D:6      | Reached XP level 9. HP: 66/84 MP: 8/8
  5290 | D:6      | Found an opulent altar of Gozag.
  5535 | D:6      | Killed Edmund
  5628 | D:6      | Killed a gargoyle
  6090 | D:7      | Reached skill level 6 in Unarmed Combat
  6504 | D:7      | Found a sparkling altar of Nemelex Xobeh.
  6662 | D:8      | Noticed Psyche
  6671 | D:7      | Reached skill level 1 in Throwing
  6710 | D:7      | Killed Psyche
  7010 | D:8      | Found a staircase to the Lair.
  7457 | D:9      | Reached XP level 10. HP: 90/93 MP: 9/9
  7464 | D:9      | Got a scintillating steel amulet
  7466 | D:9      | Identified the amulet "Geips" {Inacc +Fly rN+++ Str-4
                  | Dex+3} (You found it on level 9 of the Dungeon)
  8058 | D:3      | Killed Grinder
  8472 | D:9      | Noticed an unseen horror
  8517 | D:9      | Found a stormy altar of Qazlal.
  8525 | D:9      | Got an ancient bronze ring
  8529 | D:9      | Found a blossoming altar of Fedhas.
  8536 | D:9      | Identified the ring "Picue" {rPois Int+2} (You found it on
                  | level 9 of the Dungeon)
  8607 | D:9      | Found a snail-covered altar of Cheibriados.
  8607 | D:9      | Found a hide-covered altar of Uskayaw.
  8613 | D:9      | Found a faded altar of an unknown god.
  8615 | D:9      | Found an ancient bone altar of Kikubaaqudgha.
  8617 | D:9      | Found a faded altar of an unknown god.
  8754 | D:9      | Reached skill level 5 in Dodging
  8754 | D:9      | Reached skill level 7 in Unarmed Combat
  8762 | D:9      | Noticed Joseph
  8833 | D:9      | Found a staircase to the Orcish Mines.
  9298 | D:10     | Entered Level 10 of the Dungeon
  9298 | D:10     | Noticed a gargoyle
 10047 | D:10     | Reached skill level 8 in Unarmed Combat
 10169 | D:10     | Killed a gargoyle
 10169 | D:10     | Reached skill level 5 in Fighting
 10271 | D:9      | Killed Joseph
 10618 | D:9      | Killed an unseen horror
 10718 | D:10     | Reached XP level 11. HP: 90/102 MP: 10/10
 11355 | D:11     | Reached skill level 9 in Unarmed Combat
 11386 | D:11     | Noticed a red ugly thing
 11428 | D:12     | Noticed a deep elf knight
 11509 | D:11     | Learned a level 1 spell: Animate Skeleton
 11670 | D:10     | Reached skill level 1 in Necromancy
 12282 | D:9      | Found a staircase to the Orcish Mines.
 12342 | D:9      | Found a snail-covered altar of Cheibriados.
 12342 | D:9      | Found a hide-covered altar of Uskayaw.
 12347 | D:9      | Found a faded altar of an unknown god.
 12349 | D:9      | Found an ancient bone altar of Kikubaaqudgha.
 12350 | D:9      | Found a faded altar of an unknown god.
 12424 | D:9      | Found a blossoming altar of Fedhas.
 12425 | D:9      | Found a stormy altar of Qazlal.
 12908 | D:12     | Found a transporter.
 12920 | D:12     | Noticed a deep troll earth mage
 12939 | D:12     | Noticed a sixfirhy
 13434 | D:12     | Noticed a tengu warrior
 13843 | D:12     | Found Yracoaj's Book Emporium.
 13867 | D:12     | Killed a tengu warrior
 13867 | D:12     | Reached skill level 5 in Throwing
 14018 | D:12     | Reached skill level 10 in Unarmed Combat
 14066 | D:12     | Found a transporter.
 14121 | D:12     | Reached XP level 12. HP: 55/114 MP: 11/11
 14256 | D:13     | Noticed Kirke
 14274 | D:12     | Noticed a sphinx
 14485 | D:12     | Killed Kirke
 14560 | D:13     | Found the amulet of Vitality {Regen+ HP+15}
 14561 | D:13     | Noticed a centaur warrior
 14841 | D:13     | Noticed a two-headed ogre
 14842 | D:13     | Noticed an ogre mage
 14844 | D:13     | Noticed a stone giant
 14901 | D:12     | Killed a two-headed ogre
 14944 | D:13     | Noticed a two-headed ogre
 14956 | D:13     | Killed a two-headed ogre
 14996 | D:13     | Noticed an ettin
 15069 | D:13     | Killed a centaur warrior
 15220 | D:13     | Found a transporter.
 15288 | D:13     | Noticed an orc high priest
 15349 | D:14     | Reached skill level 5 in Necromancy
 15355 | D:14     | Noticed a vault guard
 15355 | D:14     | Noticed a vault guard
 15356 | D:14     | Found a gate to the Vaults.
 15356 | D:14     | Noticed a vault guard
 15356 | D:14     | Noticed a vault guard
 15356 | D:14     | Noticed a vault guard
 15356 | D:14     | Noticed a vault guard
 15531 | Lair:1   | Entered Level 1 of the Lair of Beasts
 15613 | Lair:1   | Reached skill level 11 in Unarmed Combat
 16062 | Lair:1   | Found a runed translucent door.
 16062 | Lair:1   | Noticed Valentain's ghost (novice DrCj)
 16092 | Lair:1   | Killed Valentain's ghost
 16191 | Lair:1   | Noticed a six-headed hydra
 16476 | Lair:2   | Found a blossoming altar of Fedhas.
 16501 | Lair:2   | Found a staircase to the Shoals.
 16732 | Lair:2   | Reached XP level 13. HP: 124/124 MP: 12/12
 17926 | Lair:3   | Found a hole to the Spider Nest.
 17933 | Lair:3   | Reached skill level 12 in Unarmed Combat
 18188 | Lair:3   | You fall through a shaft for 2 floors!
 18238 | Lair:5   | Slain by an 11-headed hydra

Skill      XL: |  1  2  3  4  5  6  7  8  9 10 11 12 13 |
---------------+----------------------------------------+-----
Fighting       | 3 4 5 6 7 |  7.5
Unarmed Combat | 4 5 6 8 10 11 12 | 12.1
Dodging        | 3 4 6 7 8 |  8.6
Shields        | 1 5 7 9 |  9.0
Throwing       | 1 3 5 6 7 |  7.0
Stealth        | 2 3 |  3.0
Necromancy     | 3 5 |  5.0

Action                   |  1- 3 |  4- 6 |  7- 9 | 10-12 | 13-15 || total
-------------------------+-------+-------+-------+-------+-------++-------
Melee: Unarmed           |    76 |   197 |   426 |   997 |   183 ||  1879
       Punch             |     1 |     6 |       |       |       ||     7
Throw: Tomahawk          |       |       |    27 |    22 |       ||    49
       Throwing net      |       |       |     1 |     3 |       ||     4
       Javelin           |       |       |       |    22 |       ||    22
       Large rock        |       |       |       |    16 |     1 ||    17
 Cast: Animate Skeleton  |       |       |       |    20 |    12 ||    32
 Abil: Stop Flying       |       |       |       |       |     1 ||     1
       Evoke Flight      |       |       |       |       |     1 ||     1
  Use: Scroll            |       |       |     9 |     7 |       ||    16
       Potion            |       |       |     5 |     6 |     1 ||    12
 Stab: Sleeping          |     3 |     1 |     6 |     3 |     2 ||    15
       Distracted        |       |       |       |     4 |       ||     4
  Eat: Chunk             |    17 |    14 |    43 |   101 |    13 ||   188
Armor: Robe              |    37 |    74 |    83 |   159 |    65 ||   418
       Skin              |       |       |     2 |       |       ||     2
Dodge: Dodged            |    52 |   112 |   143 |   473 |   116 ||   896
Block: Shield            |       |     6 |   226 |   554 |   110 ||   896
